Map: Abyssal Reef LE

Players

GenserEskild

  • Race: Protoss Protoss
  • League: Platinum
  • Spawn Location: 11:00

LST - Winner!

  • Race: Terran Terran
  • League: Platinum
  • Spawn Location: 5:00

VOD

Have the link to the VOD?

Description

Time

  • Played on: Jan. 2, 2018, 12:33 p.m.
  • Length: 13:04
Show
View Real Time Build Order
Export as new Build Order

GenserEskild Protoss 

Build Orders: 1 Gate Expand 

Get SALT Encoding   

  12  0:01  Probe  
  13  0:13  Probe  
  14  0:20  Pylon  
  14  0:25  Probe  
  15  0:38  Probe (Chrono Boost)  
  15  0:39  Gateway  
  16  0:49  Probe (Chrono Boost)  
  17  0:50  Assimilator  
  17  0:54  Probe (Chrono Boost)  
  18  1:02  Pylon  
  18  1:04  Probe  
  19  1:16  Probe  
  20  1:29  Probe  
  21  1:37  Nexus  
  21  1:43  Probe  
  22  1:55  Probe  
  22  1:59  Cybernetics Core  
  23  2:02  Assimilator  
  23  2:07  Probe  
  24  2:26  Gateway, Probe  
  25  2:32  Pylon, Warp Gate (Chrono Boost), Stalker (Chrono Boost)  
  27  2:38  Probe  
  27  2:56  Stalker  
  28  3:02  Probe x2  
  30  3:13  Gateway  
  30  3:14  Probe  
  30  3:16  Gateway  
  30  3:18  Probe  
  32  3:26  Probe  
  33  3:30  Probe  
  34  3:38  Probe  
  34  3:40  Gateway  
  35  3:42  Probe  
  36  3:53  Pylon  
  36  3:54  Probe  
  36  3:55  Probe  
  38  3:57  Gateway  
  38  4:06  Probe  
  38  4:07  Probe  
  40  4:12  Assimilator  
  40  4:14  Assimilator  
  40  4:18  Probe  
  40  4:19  Probe  
  40  4:20  Pylon  
  40  4:22  Stalker  
  44  4:28  Stalker  
  44  4:31  Probe x2  
  48  4:37  Stalker  
  50  4:41  Stalker  
  50  4:43  Probe x2  
  54  4:45  Stalker  
  54  4:50  Pylon  
  56  4:53  Stalker  
  56  4:55  Probe  
  56  4:56  Probe  
  60  5:02  Stalker  
  62  5:07  Stalker  
  62  5:09  Stalker  
  62  5:11  Probe  
  62  5:14  Probe  
  68  5:24  Probe, Stalker  
  68  5:26  Probe  
  62  5:36  Probe  
  57  5:48  Nexus  
  57  5:49  Probe x2  
  59  6:01  Probe x2  
  59  6:02  Forge  
  59  6:03  Forge  
  61  6:08  Pylon  
  61  6:11  Pylon  
  61  6:13  Probe x2  
  61  6:17  Stalker  
  65  6:21  Pylon  
  65  6:23  Pylon  
  66  6:25  Probe x2  
  66  6:31  Stalker  
  66  6:32  Stalker  
  71  6:34  Protoss Ground Weapons Level 1 (Chrono Boost), Protoss Ground Armor Level 1 (Chrono Boost)  
  71  6:37  Probe  
  71  6:38  Probe  
  73  6:44  Twilight Council  
  73  6:49  Stalker  
  73  6:50  Probe  
  73  6:51  Probe  
  77  7:02  Assimilator  
  77  7:03  Probe  
  77  7:05  Assimilator  
  77  7:07  Robotics Facility  
  78  7:08  Stalker  
  78  7:10  Stalker  
  82  7:23  Stalker x3  
  82  7:24  Stalker  
  90  7:35  Stalker  
  90  7:36  Stalker  
  84  7:56  Stalker x4  
  81  8:08  Protoss Ground Weapons Level 2 (Chrono Boost)  
  81  8:17  Blink (Chrono Boost)  
  81  8:35  Probe x3  
  81  8:40  Stalker x3  
  81  8:41  Stalker  
  92  8:47  Probe x3  
  86  8:57  Stalker x2  
  68  9:04  Stalker x2  
  68  9:05  Stalker x2  
  53  9:29  Stalker  
  53  9:30  Stalker x3  
  53  9:31  Stalker  
  63  9:47  Robotics Bay  
  63  9:49  Protoss Ground Armor Level 2 (Chrono Boost)  
  63  9:56  Stalker x5  
  73  10:04  Stalker  
  75  10:15  Probe  
  75  10:16  Probe x2  
  75  10:20  Stalker x4  
  86  10:27  Probe  
  86  10:28  Probe x2, Stalker  
  89  10:29  Stalker  
  93  10:43  Colossus (Chrono Boost)  
  93  10:45  Stalker  
  93  10:48  Stalker  
  103  10:56  Stalker x2  
  107  11:00  Probe x2  
  107  11:01  Probe  
  110  11:06  Stalker  
  112  11:19  Stalker  
  112  11:21  Colossus (Chrono Boost)  
  120  11:25  Pylon  
  120  11:29  Pylon  
  120  11:32  Pylon  
  120  11:38  Stalker x2  
  108  11:51  Stalker x2  
  108  11:52  Stalker x2  
  72  12:07  Stalker  
  72  12:08  Stalker  
  70  12:24  Stalker x3  
  76  12:30  Stalker  
  70  12:38  Stalker x2  
  60  12:48  Zealot x3  
  52  12:53  Stalker  
Show
View Real Time Build Order
Export as new Build Order

LST Terran - Winner!

Build Orders: Reaper Expand, MMM Bio 

Get SALT Encoding   

  12  0:01  SCV  
  13  0:13  SCV  
  14  0:18  Supply Depot  
  14  0:25  SCV  
  15  0:32  Refinery  
  15  0:40  SCV  
  16  0:46  Barracks  
  16  0:52  SCV  
  17  1:04  SCV  
  18  1:16  SCV  
  19  1:33  Orbital Command  
  19  1:40  Reaper  
  20  1:54  Command Center  
  20  1:59  SCV  
  21  2:10  Factory  
  20  2:27  SCV  
  20  2:28  Barracks Reactor  
  21  2:47  SCV  
  22  2:59  SCV  
  23  3:06  Cyclone  
  23  3:11  Marine  
  23  3:12  Marine  
  27  3:20  Refinery  
  27  3:21  Orbital Command  
  27  3:23  SCV  
  28  3:29  Marine x2  
  30  3:35  SCV, Starport  
  31  3:47  SCV  
  32  3:50  SCV  
  33  3:57  Marine x2  
  33  3:59  SCV  
  33  4:02  SCV  
  37  4:11  SCV  
  37  4:16  Supply Depot  
  38  4:19  Supply Depot  
  38  4:25  Supply Depot  
  38  4:37  Medivac, SCV, Marine x2  
  38  4:38  Cyclone  
  46  4:40  SCV  
  47  4:50  SCV  
  47  4:52  SCV  
  49  4:55  Command Center, Marine x2  
  49  4:58  Barracks  
  51  5:01  Barracks  
  51  5:04  SCV x2  
  53  5:10  Cyclone  
  53  5:13  Marine x2  
  58  5:23  Bunker, SCV  
  58  5:24  SCV  
  58  5:27  Medivac  
  62  5:31  Marine x2  
  57  5:36  SCV x2  
  56  5:48  Factory Reactor  
  56  5:49  Liberator  
  56  5:50  Barracks Tech Lab  
  56  5:51  Barracks Reactor  
  56  5:53  SCV x2  
  58  5:57  Refinery  
  58  5:58  Refinery  
  58  6:02  Marine x2  
  63  6:11  Supply Depot  
  63  6:12  Supply Depot  
  63  6:13  Orbital Command  
  63  6:16  Stimpack  
  63  6:17  Marine  
  64  6:20  Marine x2  
  66  6:33  Marine x2  
  66  6:35  Cyclone, Marine  
  66  6:36  Cyclone  
  66  6:38  Marine x2  
  66  6:39  Orbital Command  
  77  6:50  Marine  
  77  6:51  Marine  
  77  6:53  Marine  
  80  6:55  Marine  
  80  6:56  Marine  
  82  7:08  Marine x2  
  84  7:17  Marine x3  
  84  7:20  Cyclone x2  
  93  7:28  Supply Depot  
  93  7:30  Supply Depot x2  
  93  7:49  SCV x3, Marine x4  
  93  7:50  Medivac  
  100  8:01  SCV x3  
  97  8:13  Marine  
  97  8:14  Marine x4  
  97  8:16  Cyclone  
  97  8:17  Combat Shields, Cyclone  
  108  8:20  Medivac  
  110  8:31  Marine x3  
  110  8:32  Marine x2  
  115  8:35  SCV  
  115  8:36  SCV  
  117  8:42  Supply Depot  
  117  8:43  Supply Depot  
  117  8:44  Refinery  
  117  8:45  Refinery  
  117  8:56  Marine  
  117  8:57  Marine  
  117  8:58  SCV  
  117  8:59  SCV x2, Marine  
  117  9:01  Marine  
  117  9:03  Cyclone x2, Marine  
  117  9:05  Supply Depot  
  110  9:10  SCV  
  110  9:11  SCV  
  110  9:14  Marine  
  110  9:15  Marine  
  108  9:17  Marine  
  108  9:18  Marine  
  108  9:21  Marine  
  102  9:25  SCV x3  
  105  9:32  Marine x2  
  105  9:35  Cyclone, Marine  
  105  9:36  Marine  
  105  9:37  SCV x2  
  105  9:38  SCV, Marine  
  115  9:41  Liberator  
  115  9:43  Barracks  
  115  9:44  Barracks x2  
  116  9:49  SCV  
  116  9:50  SCV x2, Cyclone, Marine x2  
  124  9:52  Marine  
  124  9:54  Marine  
  124  9:56  Marine  
  130  10:00  Command Center  
  130  10:06  Engineering Bay x2  
  130  10:07  Cyclone, Marine  
  130  10:08  Marine  
  130  10:10  Marine  
  130  10:11  Armory  
  130  10:12  Marine  
  134  10:14  Marine  
  135  10:22  Cyclone  
  135  10:25  Marine  
  135  10:26  Marine  
  135  10:28  Marine  
  140  10:33  Terran Infantry Weapons Level 1  
  140  10:34  Factory, Marine, Terran Infantry Armor Level 1  
  141  10:37  Barracks Reactor x2  
  141  10:40  Barracks Reactor  
  141  10:51  Supply Depot  
  141  10:52  Supply Depot  
  141  10:54  Supply Depot x2  
  141  10:55  Liberator  
  141  11:11  Marine x5  
  141  11:12  SCV x3, Cyclone x2  
  141  11:17  Marine x2  
  141  11:18  Marine x4  
  164  11:24  SCV x3  
  167  11:26  Planetary Fortress  
  167  11:29  Refinery x2, Marine x5  
  172  11:35  Marine x3  
  172  11:36  Marine x3  
  172  11:38  Liberator  
  178  11:44  Cyclone  
  168  11:47  Marine x2  
  168  11:48  Marine x3  
  168  11:53  Marine x6  
  140  12:05  Marine x2  
  140  12:06  Marine x3  
  145  12:09  Cyclone  
  145  12:10  Marine  
  145  12:11  Marine x5  
  145  12:12  Factory Tech Lab  
  154  12:16  Cyclone  
  154  12:23  Marine x2  
  154  12:24  Marine x3  
  154  12:28  Marine x2  
  154  12:29  Marine x4  
  151  12:40  Marine x2  
  151  12:41  Marine  
  151  12:42  Marine x2  
  147  12:46  Marine  
Tags
 
Add a new tag
Caveats
  • Supply blocks, unpowered buildings, or Contaminate may cause inaccurate times.
  • Supply counts are checked every 10 seconds.